 Dungeon Crawl Stone Soup version 0.19.1 (webtiles) character file.

2156 tognito the Fighter (level 9, 0/83 HPs)
             Began as a Minotaur Berserker on Nov 29, 2016.
             Was an Elder of Trog.
             Succumbed to an orc wizard's poison
             ... on level 7 of the Dungeon.
             The game lasted 00:13:21 (5190 turns).

tognito the Fighter (Minotaur Berserker)            Turns: 5190, Time: 00:13:22

Health: 0/83       AC: 17    Str: 25    XL:     9   Next: 10%
Magic:  8/8        EV: 10    Int:  4    God:    Trog [****..]
Gold:   391        SH:  3    Dex: 10    Spells: 0 memorised, 8 levels left

rFire  + . .     SeeInvis .     w - +0 war axe
rCold  + . .     Gourm    .     j - +0 plate armour
rNeg   . . .     Faith    .     y - +0 buckler
rPois  +         Spirit   .     (helmet restricted)
rElec  +         Reflect  .     f - +0 cloak
rCorr  +         Harm     .     (no gloves)
MR     ++...                    s - +2 pair of boots of Jema {+Fly rCorr}
Stlth  ..........               (no amulet)
                                (no ring)
                                k - ring of stealth

@: lethally poisoned (0 -> -5), exhausted, resistant, regenerating
A: retaliatory headbutt, horns 2, talons 1, repulsion field 1
a: Berserk, Trog's Hand, Brothers in Arms, Burn Spellbooks, Renounce Religion,
Evoke Flight


You were on level 7 of the Dungeon.
You worshipped Trog.
Trog was greatly pleased with you.
You were not hungry.

You visited 1 branch of the dungeon, and saw 7 of its levels.

You collected 391 gold pieces.

Inventory:

Hand Weapons
 a - a +1 hand axe
 w - a +0 war axe (weapon)
Missiles
 d - 41 bolts
Armour
 f - a +0 cloak (worn)
 j - a +0 plate armour (worn)
 n - a +1 chain mail of poison resistance
 s - the +2 pair of boots of Jema (worn) {+Fly rCorr}
   (You found it on level 6 of the Dungeon)

   It lets you fly.
   It protects you from acid and corrosion.
 y - a +0 buckler (worn)
Jewellery
 k - a ring of stealth (left hand)
Wands
 e - a wand of polymorph (6/24)
 g - a wand of flame (6/48)
 r - a wand of teleportation (7/9)
 z - a wand of paralysis (24/24)
 C - a wand of disintegration (15/24)
Scrolls
 h - 3 scrolls of teleportation
 i - 4 scrolls of remove curse
 l - a scroll of blinking
 p - 2 scrolls of recharging
 q - 6 scrolls of magic mapping
 t - 7 scrolls of identify
Potions
 o - a potion of agility
 v - 2 potions of flight
Comestibles
 b - 7 meat rations
 c - 7 bread rations
 m - 2 slices of pizza
 u - a royal jelly


   Skills:
 * Level 9.3 Fighting
 * Level 9.3 Axes
 + Level 6.0 Armour
 + Level 5.3 Dodging


You had 8 spell levels left.
You didn't know any spells.

Dungeon Overview and Level Annotations

Branches:
Dungeon (7/15)             Temple (0/1) D:5

Altars:
Qazlal
Sif Muna


Innate Abilities, Weirdness & Mutations

You reflexively headbutt those who attack you in melee.
You have a pair of horns on your head.
You have sharp toenails.
You are surrounded by a mild repulsion field. (EV +2)


Message History

* * * LOW HITPOINT WARNING * * *
You feel very sick.
This raw flesh tastes terrible.
You are feeling hungry.
Okay, then.
Evoke which item? (* to show all) (? for menu, Esc to quit)
Okay, then.
Eat a chunk of flesh? (ye/n/q)
You start eating the chunk of flesh.
* * * LOW HITPOINT WARNING * * *
You feel very sick.
This raw flesh tastes terrible.
Your magical effects are unravelling.
You feel magically purged.
You feel yourself speed up.
You feel the effects of Trog's Hand fading.
* * * LOW HITPOINT WARNING * * *
You feel very sick.
You feel protected.
You die...

##.# #.#..#.. #
#..# #.##.# #.
# #.## #. ..#
... ##.# #.#
#... .. #..#
..## #### .
#.## .... .
#.####..... .
#####..........
.
#....@)).#....
. #........# .
. #........# #
#........#
#.?........
#........#.#
#........#..#
########## ..


There were no monsters in sight!

Vanquished Creatures
  A spriggan (D:7)
  Eustachio (D:6)
  Menkaure (D:6)
  Edmund (D:5)
  Duvessa (D:6)
  A phantom (D:6)
  A necrophage (D:7)
  A centaur (D:7)
  2 ogres
  A bullfrog (D:7)
  Dowan (D:6)
  A howler monkey (D:4)
  3 crimson imps
  Crazy Yiuf (D:4)
  4 hounds
  A jelly (D:7)
  2 orc priests
  3 iguanas
  Natasha (thrice) (D:4)
  3 orc wizards
  6 worker ants
  3 gnolls (D:2)
  10 adders
  2 oozes
  An adder skeleton (D:4)
  2 worms (D:3)
  A dart slug (D:1)
  A leopard gecko (D:3)
  12 orcs
  2 bats
  5 giant cockroaches
  9 goblins
  4 hobgoblins
  10 jackals
  6 kobolds
  13 frilled lizards
  6 rats
  A fungus (D:4)
127 creatures vanquished.

Notes
Turn   | Place    | Note
-------+----------+-------------------------------------------
     0 | D:1      | tognito the Minotaur Berserker began the quest for the Orb.
     0 | D:1      | Reached XP level 1. HP: 19/19 MP: 0/0
     6 | D:1      | Noticed a salamander
     6 | D:1      | Noticed a hound
     6 | D:1      | Noticed a black bear
     7 | D:1      | Noticed a lindwurm
     7 | D:1      | Noticed a wyvern
   191 | D:1      | Reached XP level 2. HP: 27/27 MP: 1/1
   907 | D:2      | Reached XP level 3. HP: 33/33 MP: 2/2
  1236 | D:2      | Reached ** piety under Trog
  1325 | D:2      | Reached XP level 4. HP: 41/41 MP: 3/3
  1875 | D:3      | Reached skill level 5 in Fighting
  2156 | D:4      | Reached skill level 5 in Axes
  2156 | D:4      | Reached XP level 5. HP: 34/48 MP: 4/4
  2247 | D:4      | Noticed Natasha
  2259 | D:4      | Killed Natasha
  2259 | D:4      | Reached XP level 6. HP: 30/57 MP: 5/5
  2850 | D:4      | Noticed Natasha
  2869 | D:4      | Killed Natasha
  2889 | D:4      | Noticed Natasha
  2898 | D:4      | Killed Natasha
  3056 | D:4      | Found a runed door.
  3060 | D:4      | Noticed Crazy Yiuf
  3063 | D:4      | Killed Crazy Yiuf
  3110 | D:5      | Entered Level 5 of the Dungeon
  3110 | D:5      | Found a staircase to the Ecumenical Temple.
  3182 | D:5      | Noticed Edmund
  3197 | D:5      | Killed Edmund
  3197 | D:5      | Reached XP level 7. HP: 37/64 MP: 6/6
  3444 | D:5      | Reached *** piety under Trog
  3499 | D:5      | Found a stormy altar of Qazlal.
  3918 | D:6      | Got a pair of shimmering boots
  3929 | D:6      | Identified the +2 pair of boots of Jema {+Fly rCorr} (You found it on level 6 of the Dungeon)
  3981 | D:6      | Noticed Eustachio
  4005 | D:6      | Killed Eustachio
  4045 | D:6      | Gained mutation: You are surrounded by a mild repulsion field. (EV +2) [potion of mutation]
  4045 | D:6      | Gained mutation: You have sharp toenails. [potion of mutation]
  4232 | D:6      | Reached XP level 8. HP: 73/73 MP: 7/7
  4416 | D:6      | Noticed Duvessa
  4416 | D:6      | Noticed Dowan
  4418 | D:6      | Noticed Menkaure
  4421 | D:6      | Killed Duvessa
  4422 | D:6      | Killed Dowan
  4422 | D:6      | Reached skill level 5 in Armour
  4427 | D:6      | Killed Menkaure
  4892 | D:7      | Reached skill level 5 in Dodging
  4933 | D:7      | Found a deep blue altar of Sif Muna.
  5034 | D:7      | Reached XP level 9. HP: 81/83 MP: 8/8
  5130 | D:7      | Reached **** piety under Trog
  5188 | D:7      | HP: 3/83 [poisoned by an orc wizard]
  5189 | D:7      | HP: 1/83 [poisoned by an orc wizard]
  5190 | D:7      | Succumbed to an orc wizard's poison

Skill      XL: |  1  2  3  4  5  6  7  8  9 |
---------------+----------------------------+-----
Fighting       | 4 5 6 7 9 |  9.3
Axes           | 4 5 6 7 9 |  9.3
Armour         | 3 4 5 6 |  6.0
Dodging        | 3 4 5 |  5.3

Action                   |  1- 3 |  4- 6 |  7- 9 || total
-------------------------+-------+-------+-------++-------
Melee: Hand axe          |    59 |   180 |    77 ||   316
       Headbutt          |     8 |    23 |    38 ||    69
       Unarmed           |       |     9 |       ||     9
       War axe           |       |       |    93 ||    93
Invok: Berserk           |       |     2 |     2 ||     4
       Trog's Hand       |       |       |     2 ||     2
  Use: Potion            |     2 |     4 |     4 ||    10
       Scroll            |       |    13 |     1 ||    14
  Eat: Chunk             |     1 |     8 |    10 ||    19
Armor: Animal skin       |     4 |       |       ||     4
       Chain mail        |    17 |    68 |       ||    85
       Skin              |       |     2 |       ||     2
       Plate armour      |       |     4 |   119 ||   123
Dodge: Dodged            |    18 |    66 |    83 ||   167
Block: Buckler           |       |     7 |    19 ||    26
